Unix NetHack Version 5.0.0-0 post-release - last build May 17 2026 04:57:42 (dc50c8380fa5e20985bfe3072449f57b8d9895ef,branch:main).

Game began 2026-05-19 05:16:31, ended 2026-05-19 05:33:53.

Doran, lawful male human Samurai

 -----------
 |...<.....|           ####
 |.........|           #------
 |..........############|....
 |.........|  ##        |...-
 -----------   #        |...|      -------
               #        |...|      |.....|
               #       #-...|   --+|.@_..|           - |
               ##     ##|...--+--..|..s@.|      ---  ..|
                ####### |..........|.....|     ........|
                ########|........{.--|---- {...........|
                        |..............................|
                        |...---|-...........-+----+-   |
                        |...|...|-------.----
                        |...|(((|        +
                        |...|(((|
                        |...-----
                        |...
                        -----

Doran the Ronin        St:15 Dx:18 Co:18 In:16 Wi:9 Ch:7  Lawful S:1032
Dlvl:7  $:52 HP:0(52) Pw:21(21) AC:2  Xp:5 T:1326 

Latest messages:
 You stop eating the gnomish wizard corpse.
 There is a partly eaten gnomish wizard corpse here; eat it? [ynq] (n) y
 You resume your meal.
 You stop eating the gnomish wizard corpse.
 You hear a door open.
 There is a partly eaten gnomish wizard corpse here; eat it? [ynq] (n) y
 You resume your meal.
 You finish eating the gnomish wizard corpse.
 The giant spider bites!
 The priest of Susanowo intones:
 "Pilgrim, you enter a sacred place!"
 You have a forbidding feeling...
 An orc chop lands on the altar.
 There is a black flash as a scroll labeled DAIYEN FOOELS hits the altar.
 A dull spellbook lands on the altar.
 A silver wand lands on the altar.
 A tin wand lands on the altar.
 There is an amber flash as a wand of digging hits the altar.
 A candle lands on the altar.
 2 blue gems land on the altar.
 2 violet gems land on the altar.
 x - an uncursed orc chop.
 A - a cursed scroll labeled DAIYEN FOOELS.
 w - an uncursed dull spellbook.
 C - an uncursed silver wand.
 D - an uncursed tin wand.
 y - a blessed wand of digging.
 z - an uncursed candle.
 B - 2 uncursed blue gems.
 E - 2 uncursed violet gems.
 The giant spider bites!
 You hit the giant spider!
 The giant spider bites!
 The giant spider bites!
 You hit the giant spider!
 The giant spider bites!
 You miss the giant spider.
 You hit the giant spider.
 The giant spider misses!
 You miss the giant spider.
 The giant spider bites!
 You miss the giant spider.
 The giant spider bites!
 You miss the giant spider.
 The giant spider bites!
 The giant spider misses!
 The giant spider bites!
 You die...
 Do you want your possessions identified? [ynq] (y) y
 Do you want to see your attributes? [ynq] (y) q

Inventory:
 Coins    ('$')
  $ - 52 gold pieces
 Weapons  (')')
  d - 38 +0 ya (in quiver)
  c - a +0 yumi
  a - a corroded +0 katana (weapon in right hand)
  b - a blessed +0 wakizashi (alternate weapon; not wielded)
 Armor    ('[')
  k - an uncursed +0 pair of kicking boots (being worn)
  l - an uncursed +0 cloak of magic resistance (being worn)
  o - an uncursed +0 banded mail (being worn)
 Comestibles  ('%')
  x - an uncursed orc chop
  f - 3 uncursed gunyoki
  p - an uncursed lichen corpse
 Scrolls  ('?')
  A - a cursed scroll of stinking cloud
 Spellbooks  ('+')
  w - an uncursed spellbook of chain lightning
  m - an uncursed spellbook of healing
 Wands    ('/')
  y - a blessed wand of digging (0:7)
  D - a wand of locking (0:7)
  C - a wand of sleep (0:5)
 Tools    ('(')
  t - an uncursed blindfold
  h - an uncursed skeleton key
  i - an uncursed towel
  z - an uncursed wax candle
 Gems/Stones  ('*')
  B - 2 uncursed worthless pieces of blue glass
  E - 2 uncursed worthless pieces of violet glass
  r - 4 uncursed flint stones

Doran the Samurai's attributes:

Background:
 You were a Ronin, a level 5 male human Samurai.
 You were lawful, on a mission for Amaterasu Omikami
 who was opposed by Raijin (neutral) and Susanowo (chaotic).
 You were right-handed.
 You were in the Gnomish Mines, on level 7.
 You entered the dungeon 1326 turns ago.
 It was nighttime.
 There was a new moon in effect when your adventure ended.
 You had 160 experience points, 160 more were needed to attain level 6.
 Your score was 1032 before end-of-game adjustments.

Basics:
 You had 0 out of 52 hit points.
 You had all 21 energy points (spell power).
 Your armor class was 2.
 Your wallet contained 52 zorkmids.
 Autopickup was on for '$"?/=+!*' plus thrown, with exceptions.

Final Characteristics:
 Your strength was 15 (limit:18/100).
 Your dexterity was 18 (limit:18).
 Your constitution was 18 (limit:18).
 Your intelligence was 16 (limit:18).
 Your wisdom was 9 (limit:18).
 Your charisma was 7 (limit:18).

Final Status:
 You weren't hungry.
 You were unencumbered.
 You were wielding a long sword.
 You had basic skill with long sword.

Final Attributes:
 You were devoutly aligned.
 You were magic-protected.
 You were warded.
 You were fast.
 You are dead.

Miscellaneous:
 You didn't encounter any bones levels.
 Total elapsed playing time was 17 minutes and 21 seconds.

Major events:
 Turn
    1: Doran the lawful male human Samurai entered the dungeon
  835: attained the rank of Ronin (level 3)
 1018: entered the Gnomish Mines
 1285: reached Mine Town
 1326: killed by a giant spider

You didn't know any spells.

Skills:
 Fighting Skills
   martial arts      [Basic]
   two weapon combat [Unskilled]
   riding            [Unskilled]
 Weapon Skills
   dagger            [Unskilled]
   knife             [Unskilled]
   short sword       [Basic]
   broadsword        [Unskilled]
   long sword        [Basic]
   two-handed sword  [Unskilled]
   saber             [Unskilled]
   flail             [Unskilled]
   quarterstaff      [Unskilled]
   polearms          [Unskilled]
   spear             [Unskilled]
   lance             [Unskilled]
   bow               [Basic]
   shuriken          [Unskilled]
 Spellcasting Skills
   attack spells     [Unskilled]
   divination spells [Unskilled]
   clerical spells   [Unskilled]

Voluntary challenges:
 Character rerolling was not enabled.
 You never genocided any monsters.
 You never polymorphed an object.
 You never changed form.
 You used no wishes.
Achievements:
 You entered a shop.
 You attained the rank of Ronin.
 You entered the Gnomish Mines.
 You entered Minetown.
 You entered a temple.

 The Dungeons of Doom: levels 1 to 4
    Level 1:
    Level 2:
       A potion shop, some fountains.
    Level 3:
       A general store, some fountains.
       Stairs down to The Gnomish Mines.
    Level 4:
 The Gnomish Mines: levels 4 to 7
    Level 4:
    Level 5:
    Level 6:
    Level 7: <- You were here.
       A tool shop, a temple and an altar, some fountains.
       Final resting place for
          you, killed by a giant spider.


Vanquished creatures:
  3 gnomish wizards
  a dwarf
 an acid blob
  a hobbit
  a giant rat
  a brown mold
  5 gnomes
  4 jackals
  a kobold
  a goblin
  5 sewer rats
  8 grid bugs
  2 bats
  2 lichens
  2 newts
38 creatures vanquished.

No species were genocided or became extinct.

Game over:
                       ----------
                      /          \
                     /    REST    \
                    /      IN      \
                   /     PEACE      \
                  /                  \
                  |      Doran       |
                  |      52 Au       |
                  |   killed by a    |
                  |   giant spider   |
                  |                  |
                  |                  |
                  |       2026       |
                 *|     *  *  *      | *
        _________)/\\_//(\/(/\)/\//\/|_)_______

Sayonara Doran the Samurai...

You died in The Gnomish Mines on dungeon level 7 with 1027 points,
and 52 pieces of gold, after 1326 moves.
You were level 5 with a maximum of 52 hit points when you died.

